 Dungeon Crawl Stone Soup version bcrawl-1.21 (webtiles) character file.

Game seed: 2085006083962424543

232 Mrkan the Skirmisher (level 6, -3/56 HPs)
             Began as a Hill Orc Fighter on Feb 14, 2020.
             Was a Believer of Nemelex Xobeh.
             Slain by Grinder (5 damage)
             ... on level 4 of the Dungeon.
             The game lasted 00:03:12 (2102 turns).

Mrkan the Skirmisher (Hill Orc Fighter)             Turns: 2102, Time: 00:03:13

Health: -3/56      AC:  8    Str: 25    XL:     6   Next: 4%
Magic:  7/7        EV:  7    Int:  8    God:    Nemelex Xobeh [**....]
Gold:   189        SH: 10    Dex: 11    Spells: 5/5 levels left

rFire    . . .     SeeInvis .   a - +0 war axe
rCold    . . .     Gourm    .   c - +0 shield
rNeg     . . .     Faith    .   b - +0 scale mail
rPois    .         Spirit   .   (no helmet)
rElec    .         Reflect  .   k - +0 cloak
rCorr    .         Harm     .   (no gloves)
MR       .....                  (no boots)
Stlth    ..........             (no amulet)
HPRegen  0.18/turn              (no ring)
MPRegen  0.10/turn              (no ring)

@: mighty, lethally poisoned (-3 -> -4)
A: no striking features
a: Draw Escape, Draw Destruction, Draw Summoning, Triple Draw, Renounce Religion


You were on level 4 of the Dungeon.
You worshipped Nemelex Xobeh.
Nemelex Xobeh was pleased with you.
You were not hungry.

You visited 1 branch of the dungeon, and saw 4 of its levels.

You collected 189 gold pieces.

Inventory:

Hand Weapons
 a - a +0 war axe (weapon)
Missiles
 s - a throwing net (quivered) {!f}
Armour
 b - a +0 scale mail (worn)
 c - a +0 shield (worn)
 k - a +0 cloak (worn)
Jewellery
 f - an uncursed amulet of rage {unknown}
 o - a cursed ring of teleportation {unknown}
 q - an uncursed ring of flight {unknown}
Scrolls
 g - a scroll of immolation {unknown}
 h - a scroll of enchant armour {unknown}
 j - 2 scrolls of remove curse {unknown}
 l - 5 scrolls of identify {unknown}
 m - 3 scrolls of teleportation {unknown}
 n - a scroll of enchant weapon {unknown}
 p - a scroll of noise {unknown}
 t - a scroll of amnesia {unknown}
Potions
 d - a potion of might
 i - a potion of agility {unknown}
 r - 3 potions of curing {unknown}
 u - 2 potions of flight {unknown}
 w - a potion of degeneration {unknown}
Comestibles
 e - 5 rations {!d}
 v - 2 chunks of flesh


   Skills:
 * Level 5.2 Fighting
   Level 5.2 Short Blades
   Level 5.2 Long Blades
   Level 5.2 Axes
   Level 5.2 Maces & Flails
   Level 5.2 Polearms
   Level 5.2 Staves
 + Level 4.4 Armour
 + Level 4.3 Shields
   Level 5.2 Unarmed Combat
 + Level 2.6 Invocations


You had 5 spell levels left.
You didn't know any spells.
Your spell library was empty.

Dungeon Overview and Level Annotations

Branches:
Dungeon (4/12)
 Temple: D:4-7

Altars:
Nemelex Xobeh
Uskayaw
Wu Jian
Zin

Annotations:
D:4 Grinder


Message History

* * * LOW HITPOINT WARNING * * *
You block Grinder's attack.
You hit Grinder.
Grinder is moderately wounded.
You slash the hound! You closely miss the hound.
You block the hound's attack. x2
Grinder says, "FISH!"
You block Grinder's attack. The hound barely misses you.
The hound bites you but does no damage.
You feel very mighty all of a sudden. The hound bites you but does no damage.
The hound barely misses you. Grinder hits you but does no damage.
You slice Grinder!!
Grinder is severely wounded.
You hit the hound but do no damage. You barely miss the hound.
You block the hound's attack. The hound barely misses you.
The hound bites you but does no damage. Grinder hits you.
* * * LOW HITPOINT WARNING * * *
You writhe in agony.
You die...
Your body disappears without a glow.

##### #...#
#...###
#.5@h.#
#.%h#......
#...####...
##.## ..
#.# #.# ...
..


You could see Grinder and 2 hounds.

Vanquished Creatures
  A centaur (D:3)
  A crimson imp (D:3)
  A hound (D:3)
  2 adders
  3 worms
  A dart slug (D:3)
  4 leopard geckos
  3 orcs
  3 ball pythons (D:1)
  2 giant cockroaches (D:1)
  4 hobgoblins
  5 bats
  2 frilled lizards (D:1)
  6 goblins
  12 kobolds
  5 rats
55 creatures vanquished.

Notes
Turn   | Place    | Note
-------+----------+-------------------------------------------
     0 | D:1      | Mrkan the Hill Orc Fighter began the quest for the Orb.
     0 | D:1      | Reached XP level 1. HP: 20/20 MP: 1/1
    77 | D:1      | Reached XP level 2. HP: 18/27 MP: 2/2
   457 | D:1      | Found a sparkling altar of Nemelex Xobeh.
   479 | D:1      | Became a worshipper of Nemelex Xobeh the Trickster
   495 | D:1      | Reached XP level 3. HP: 34/34 MP: 3/3
   528 | D:1      | Received a gift from Nemelex Xobeh
  1061 | D:2      | Found an ornate altar of the Wu Jian Council.
  1184 | D:2      | Reached * piety under Nemelex Xobeh
  1261 | D:2      | Reached skill level 1 in Invocations
  1286 | D:2      | Received a gift from Nemelex Xobeh
  1476 | D:3      | Reached XP level 4. HP: 41/41 MP: 4/4
  1492 | D:3      | Found a hide-covered altar of Uskayaw.
  1555 | D:3      | Found a glowing silver altar of Zin.
  1797 | D:3      | Noticed a centaur
  1804 | D:3      | Killed a centaur
  1804 | D:3      | Reached skill level 5 in Fighting
  1804 | D:3      | Reached XP level 5. HP: 47/48 MP: 6/6
  1981 | D:4      | Reached ** piety under Nemelex Xobeh
  1995 | D:3      | Reached XP level 6. HP: 40/56 MP: 7/7
  2086 | D:4      | Received a gift from Nemelex Xobeh
  2088 | D:4      | Noticed Grinder
  2102 | D:4      | HP: 2/56 [Grinder (4)]
  2102 | D:4      | Slain by Grinder

Skill      XL: |  1  2  3  4 |
---------------+-------------+-----
Invocations    | 1 2 |  2.6
Armour         | 4 |  4.4
Shields        | 4 |  4.3
Fighting       | 5 |  5.2
Short Blades   | |  5.2
Long Blades    | |  5.2
Axes           | |  5.2
Maces & Flails | |  5.2
Polearms       | |  5.2
Staves         | |  5.2
Unarmed Combat | |  5.2

Action                   |  1- 3 |  4- 6 || total
-------------------------+-------+-------++-------
Melee: War axe           |   126 |    46 ||   172
 Abil: Draw Destruction  |       |     1 ||     1
  Use: Potion            |       |     1 ||     1
  Eat: Chunk             |     2 |     2 ||     4
Armor: Scale mail        |    91 |    33 ||   124
Dodge: Dodged            |    40 |    19 ||    59
Block: Shield            |    52 |    31 ||    83
